 Dungeon Crawl Stone Soup version 0.30.0-17-ge0270778cf (webtiles) character file.

Game seed: 6804761902369131547

116 SnakkuSnakku7 the Charlatan (level 4, 0/39 HPs)
             Began as an Armataur Artificer on May 21, 2023.
             Slain by an ufetubus (1 damage)
             ... in a sewer.
             The game lasted 00:02:23 (961 turns).

SnakkuSnakku7 the Charlatan (Armataur Artificer)     Turns: 961, Time: 00:02:24

Health: 0/39       AC:  5    Str: 20    XL:     4   Next: 69%
Magic:  4/4        EV:  8    Int: 11    God:
Gold:   163        SH:  4    Dex: 10    Spells: 3/3 levels left

rFire   . . .        h - +0 flail
rCold   . . .        n - +0 buckler
rNeg    . . .        b - +1 leather armour
rPois   .            (no helmet)
rElec   .            (no cloak)
rCorr   .            (no gloves)
SInv    .            (no barding)
Will    .....        (no amulet)
Stlth   +            (no ring)
HPRegen 0.26/turn    (no ring)
MPRegen 0.09/turn

%: roll
@: attractive
A: large, rugged brown scales 3, deformed body, armoured tail, roll, long
tongue, awkward tongue
a: no special abilities


You were in a sewer.
You visited 1 branch of the dungeon, and saw 3 of its levels.
You also visited: Sewer.

You collected 163 gold pieces.

Inventory:

Hand Weapons
 a - a +0 club
 f - a +0 whip
 h - a +0 flail (weapon)
Missiles
 q - 10 poisoned darts
Armour
 b - a +1 leather armour (worn)
 n - a +0 buckler (worn)
Wands
 c - a wand of flame (10) (quivered)
 d - a wand of charming (14)
 e - a wand of iceblast (5)
 t - a wand of paralysis (12)
Scrolls
 g - 2 scrolls of enchant armour
 l - a scroll of identify {unknown}
 r - a scroll of fear {unknown}
 s - a scroll of enchant weapon {unknown}
Potions
 i - a potion of lignification {unknown}
 j - a potion of attraction
 k - a potion of cancellation {unknown}
 m - a potion of might {unknown}
 o - a potion of brilliance {unknown}
 p - a potion of ambrosia {unknown}


   Skills:
 - Level 2.7 Fighting
 + Level 2.1 Maces & Flails
 - Level 2.4 Armour
 - Level 0.6 Dodging
 - Level 1.1 Stealth
 + Level 2.1 Shields
 - Level 3.0 Evocations


You had 3 spell levels left.
You didn't know any spells.
Your spell library was empty.

Dungeon Overview and Level Annotations

Branches:
Dungeon (3/15)              Sewer (1/1)

Altars:

Shops:
D:3 :


Innate Abilities, Weirdness & Mutations

You are completely covered in rugged brown scales. (AC +3, +7% HP)
Armour fits poorly on your strangely shaped body.
You have a long armoured tail.
You roll when moving toward enemies. (Rampage)
Your long tongue fully drains potion bottles. (2x potion effects)
Your tongue gives you trouble enunciating. (1.5x scroll delay)


Message History

The ufetubus hits you. The ufetubus barely misses you.
The ufetubus closely misses you.
The ufetubus hits you but does no damage. x2
You barely miss the ufetubus.
The ufetubus hits you but does no damage. x2
The ufetubus hits you.
The ufetubus hits you but does no damage.
The ufetubus hits you. The ufetubus closely misses you.
The ufetubus barely misses you. The ufetubus hits you.
You hit the ufetubus.
The ufetubus is heavily wounded.
The ufetubus hits you. x2; The ufetubus closely misses you.
The ufetubus hits you but does no damage.
The ufetubus hits you.
The ufetubus hits you but does no damage.
The ufetubus hits you.
The ufetubus hits you but does no damage.
Okay, then.
Aiming: Charm
Press: ? - help, Shift-Dir - straight line, f - ufetubus
Aim: an ufetubus (heavily wounded, chance to affect: 65%)
The ufetubus struggles to resist.
The ufetubus hits you.
* * * LOW HITPOINT WARNING * * *
The ufetubus hits you.
* * * LOW HITPOINT WARNING * * *
You block the ufetubus's attack. The ufetubus hits you.
* * * LOW HITPOINT WARNING * * *
The ufetubus hits you but does no damage.
The ufetubus hits you.
* * * LOW HITPOINT WARNING * * *
Unknown command.
Okay, then.
It was a potion of attraction.
You feel attractive to monsters.
You slurp down every last drop of the potion of attraction!
You block the ufetubus's attack. x2; The ufetubus closely misses you.
The ufetubus hits you.
* * * LOW HITPOINT WARNING * * *
The ufetubus hits you.
You die...

#≈≈≈# ... ~~~
#≈≈≈# .~ ≈~~~
..≈...~ ≈≈≈≈
#...#~ ≈≈≈
≈≈≈≈~#...≈ ≈≈≈≈
≈≈≈≈≈#...#~≈≈≈≈
≈≈≈≈≈≈≈.55#≈≈≈≈≈
≈≈≈≈≈≈#.@.#≈≈≈≈≈
≈≈≈≈≈≈#...≈≈≈≈≈≈
#~≈≈#
≈≈≈≈≈≈≈...≈≈≈≈≈≈
#≈≈≈#
≈≈≈≈≈≈#...#≈≈≈≈≈
#≈≈≈#
≈≈≈≈≈≈#...~≈≈≈≈≈
#~≈≈#
≈≈≈≈≈~≈...#≈≈≈≈≈
#≈≈≈#
≈≈≈≈≈#...#~≈≈≈≈
#≈≈≈# ≈≈≈≈≈#...#
≈≈≈≈ #≈≈≈# ≈≈≈≈
##)##########.##


You could see 2 ufetubi.

Vanquished Creatures
  Natasha (D:2)
  A gnoll (D:1)
  2 adders
  A river rat (D:3)
  2 worms
  2 dart slugs (D:2)
  3 endoplasms (D:1)
  A giant cockroach (D:2)
  2 goblins (D:1)
  6 hobgoblins
  9 kobolds
  A quokka (D:1)
  7 ball pythons
  3 bats
  A kobold zombie (Sewer)
  8 rats
50 creatures vanquished.

Notes
Turn   | Place    | Note
-------+----------+-------------------------------------------
     0 | D:1      | SnakkuSnakku7 the Armataur Artificer began the quest for
                  | the Orb.
     0 | D:1      | Reached XP level 1. HP: 16/16 MP: 1/1
    57 | D:1      | Reached skill level 1 in Fighting
   178 | D:1      | Reached XP level 2. HP: 12/25 MP: 2/2
   258 | D:1      | Found a faded altar of an unknown god.
   268 | D:1      | Reached XP level 3. HP: 27/32 MP: 3/3
   531 | D:2      | Reached skill level 1 in Maces & Flails
   651 | D:2      | Noticed Natasha
   662 | D:2      | Killed Natasha
   663 | D:2      | Reached skill level 1 in Shields
   663 | D:2      | Reached XP level 4. HP: 11/39 MP: 4/4
   813 | D:3      | Found a glowing drain.
   863 | D:3      | Found Qurphotear's Book Shoppe.
   899 | Sewer    | Entered a sewer
   961 | Sewer    | HP: 1/39 [ufetubus (3)]
   961 | Sewer    | Slain by an ufetubus

Illustrated notes

Levels and vault maps discovered:
D:1:      matt_arrival_refuge, layout_rooms,
          shapermc_ecumenical_altar_mp_ritualfount
D:2:      layout_rooms, minmay_hexomino_r4, uniq_jessica, uniq_natasha
D:3:      minmay_roachtagon, layout_loops_ring, serial_shops,
          nicolae_shop_statue_plus, portal_sewer_entry_a
Sewer:    kennysheep_sewer_church

Skill      XL: |  1  2  3  4 |
---------------+-------------+-----
Fighting       | 1 2 |  2.7
Maces & Flails | 1 2 |  2.1
Shields        | 1 2 |  2.1
Armour         | |  2.4
Dodging        | |  0.6
Stealth        | |  1.1
Evocations     | |  3.0

Action                     |  1- 3 |  4- 6 || total
---------------------------+-------+-------++-------
  Melee: Club              |    19 |       ||    19
         Whip              |    47 |       ||    47
         Tailslap          |    16 |     6 ||    22
         Flail             |    40 |    42 ||    82
  Evoke: Wand              |     2 |     4 ||     6
    Use: Scroll            |       |     1 ||     1
         Potion            |       |     1 ||     1
   Stab: Sleeping          |       |     1 ||     1
 Armour: Leather armour    |    54 |    27 ||    81
  Dodge: Dodged            |    47 |    26 ||    73
  Block: Buckler           |     2 |     9 ||    11
